 Dungeon Crawl Stone Soup version bcrawl-1.32 (webtiles) character file.

Game seed: 2075304054036579496

217598 Morbidden the Sneak (level 5, -3/40 HPs)
             Began as a Demonspawn Archaeologist on June 29, 2021.
             Slain by an orc
             ... wielding a +0 dagger
              (6 damage)
             ... on level 5 of the Dungeon.
             The game lasted 00:03:12 (1998 turns).

Morbidden the Sneak (Demonspawn Archaeologist)      Turns: 1998, Time: 00:03:12

Health: -3/40      AC:  8    Str: 13    XL:     5   Next: 98%
Magic:  5/5        EV: 13    Int: 20    God:
Gold:   81         SH:  0    Dex: 11    Spells: 4/4 levels left

rFire    . . .     SeeInvis .   a - +0 whip
rCold    . . .     Gourm    .   (no shield)
rNeg     . . .     Faith    .   c - +1 robe
rPois    .         Spirit   .   d - +1 hat
rElec    .         Reflect  .   (no cloak)
rCorr    .         Harm     .   (no gloves)
MR       .....                  o - +1 pair of boots
Stlth    ++........             (no amulet)
HPRegen  0.13/turn              (no ring)
MPRegen  0.09/turn              (no ring)

@: brilliant
A: molten scales 1
a: no special abilities


You were on level 5 of the Dungeon.
You were near starving.

You visited 1 branch of the dungeon, and saw 5 of its levels.

You collected 81 gold pieces.

Inventory:

Hand Weapons
 a - a +0 whip (weapon)
 b - a +0 blowgun
Missiles
 r - 154 poisoned needles
Armour
 c - a +1 robe (worn)
 d - a +1 hat (worn)
 f - +2 storm dragon scales
 o - a +1 pair of boots (worn)
Wands
 u - a wand of enslavement (5)
Scrolls
 g - a scroll of magic mapping
 i - 3 scrolls of identify
 n - a scroll of immolation {unknown}
 p - 2 scrolls of remove curse {unknown}
 q - a scroll of amnesia {unknown}
 t - 3 scrolls of teleportation {unknown}
 v - a scroll of noise {unknown}
Potions
 l - a potion of brilliance
 m - a potion of flight {unknown}
 s - a potion of lignification {unknown}
Comestibles
 e - 5 rations {!d}


   Skills:
 + Level 2.8 Fighting
 + Level 3.0 Maces & Flails
 + Level 3.6 Dodging
 + Level 4.2 Stealth


You had 4 spell levels left.
You didn't know any spells.
Your spell library was empty.

Dungeon Overview and Level Annotations

Branches:
Dungeon (5/12)
 Temple: D:4-7

Altars:
Dithmenos
The Shining One


Innate Abilities, Weirdness & Mutations

You are partially covered in molten scales. (AC +2)


Message History

There is a stone staircase leading down here.
The jackal closely misses you. The orc misses you.
You climb downwards.
A hound comes into view.
There is a stone staircase leading up here.
Unknown command.
Unknown command.
Unknown command.
a - a +0 whip (weapon)
The jackal closely misses you.
You barely miss the orc.
The jackal bites you but does no damage.
The orc closely misses you. The jackal closely misses you.
The orc hits you but does no damage.
You closely miss the orc.
You are near starving!
The hound barks!
The jackal bites you but does no damage.
The orc hits you with a +0 dagger.
You die...

## ..h
##..#####
........#
#.....h.#
#......@#
#.....o.#
#.......#
#.......#
#.......#
##+##.###
.. ###


You could see a hound, an orc and a jackal.

Vanquished Creatures
  Sigmund (D:4)
  Terence (D:3)
  4 gnolls
  2 dart slugs
  2 leopard geckos
  2 giant cockroaches
  6 goblins
  6 hobgoblins
  5 bats
  2 frilled lizards
  6 kobolds
  6 rats
43 creatures vanquished.

Notes
Turn   | Place    | Note
-------+----------+-------------------------------------------
     0 | D:1      | Morbidden the Demonspawn Archaeologist began the quest for
                  | the Orb.
     0 | D:1      | Reached XP level 1. HP: 15/15 MP: 1/1
   301 | D:1      | Reached skill level 1 in Maces & Flails
   343 | D:1      | Gained mutation: You are partially covered in molten
                  | scales. (AC +2) [demonic ancestry]
   343 | D:1      | Reached XP level 2. HP: 21/21 MP: 2/2
   477 | D:1      | Found a glowing golden altar of the Shining One.
   855 | D:2      | Reached XP level 3. HP: 26/26 MP: 3/3
  1253 | D:2      | Found a shadowy altar of Dithmenos.
  1403 | D:2      | Reached XP level 4. HP: 5/32 MP: 4/4
  1488 | D:2      | Reached skill level 4 in Stealth
  1806 | D:3      | Noticed Terence
  1818 | D:3      | Killed Terence
  1970 | D:4      | Noticed Sigmund
  1983 | D:4      | Killed Sigmund
  1984 | D:4      | Reached XP level 5. HP: 3/40 MP: 5/5
  1984 | D:4      | Identified a scroll of acquirement
  1984 | D:4      | Identified the ring of Beant {rC+ Stlth++} (You acquired it
                  | on level 4 of the Dungeon)
  1990 | D:4      | HP: 2/40 [orc/+0 dagger (2)]
  1995 | D:5      | Entered Level 5 of the Dungeon
  1998 | D:5      | Slain by an orc

Skill      XL: |  1  2  3  4 |
---------------+-------------+-----
Maces & Flails | 1 2 3 |  3.0
Dodging        | 3 |  3.6
Stealth        | 4 |  4.2
Fighting       | 2 |  2.8

Action                   |  1- 3 |  4- 6 || total
-------------------------+-------+-------++-------
Melee: Whip              |   151 |    75 ||   226
 Fire: Blowgun           |     2 |    21 ||    23
  Use: Potion            |       |     2 ||     2
       Scroll            |       |     1 ||     1
 Stab: Sleeping          |     7 |     2 ||     9
  Eat: Chunk             |     5 |     3 ||     8
Armor: Robe              |    65 |    35 ||   100
Dodge: Dodged            |    87 |    66 ||   153
